 Dungeon Crawl Stone Soup version 0.31-a0-859-g9dce7d3444 (webtiles) character file.

Game seed: 13943428071254065103

2306 Nedwor the Cleaver (level 9, -16/79 HPs)
             Began as a Minotaur Gladiator on Oct 7, 2023.
             Was a Priest of Uskayaw.
             Demolished by a komodo dragon (27 damage)
             ... on level 8 of the Dungeon on Oct 10, 2023.
             The game lasted 00:08:46 (7204 turns).

Nedwor the Cleaver (Minotaur Gladiator)             Turns: 7204, Time: 00:08:47

Health: -16/79     AC: 12    Str: 23    XL:     9   Next: 18%
Magic:  0/11       EV:  9    Int:  5    God:    Uskayaw [***...]
Gold:   421        SH:  0    Dex: 12    Spells: 8/8 levels left

rFire   . . .        f - +5 war axe
rCold   + . .        (no shield)
rNeg    . . .        H - +0 chain mail {rC+}
rPois   .            c - +0 hat
rElec   .            h - +0 cloak
rCorr   .            o - +0 pair of gloves
SInv    .            (no boots)
Will    .....        q - amulet of guardian spirit Stlth
                     C - ring of flight
HPRegen 0.33/turn    (no ring)
MPRegen 0.12/turn

%: guardian spirit
@: flying
A: horns 2, retaliatory headbutt
a: Renounce Religion, Stomp, Line Pass


You were on level 8 of the Dungeon.
You worshipped Uskayaw.
Uskayaw was noncommittal.
You visited 1 branch of the dungeon, and saw 8 of its levels.

You collected 421 gold pieces.

Inventory:

Hand Weapons
 f - a +5 war axe (weapon)
Missiles
 d - a throwing net (quivered)
Armour
 c - a +0 hat (worn)
 h - a +0 cloak (worn)
 o - a +0 pair of gloves (worn)
 H - a +0 chain mail of cold resistance (worn)
Jewellery
 a - a +5 ring of evasion
 j - an amulet of the acrobat
 p - an amulet of magic regeneration
 q - an amulet of guardian spirit (around neck)
 A - a +6 ring of dexterity
 C - a ring of flight (left hand)
Wands
 b - a wand of light (15)
 m - a wand of polymorph (4)
 t - a wand of digging (9)
Scrolls
 y - a scroll of fog
 B - a scroll of revelation
 F - a scroll of fear
Potions
 g - 4 potions of lignification
 i - 4 potions of brilliance
 l - 3 potions of curing
 r - a potion of cancellation
 v - a potion of heal wounds
 w - a potion of resistance
 z - 3 potions of enlightenment {unknown}
 D - a potion of invisibility {unknown}
 E - a potion of mutation {unknown}


   Skills:
 + Level 7.1 Fighting
 * Level 10.2 Axes
 - Level 2.0 Throwing
 + Level 6.5 Armour
 - Level 3.2 Dodging
 + Level 4.6 Invocations


You had 8 spell levels left.
You didn't know any spells.
Your spell library contained the following spells:

 Spells                   Type           Power      Damage    Failure   Level
 Freeze                   Ice            0%         1d3       95%         1
 Call Canine Familiar     Summ           0%         N/A       100%        3
 Frozen Ramparts          Ice            0%         1d1       100%        3
 Hailstorm                Conj/Ice       0%         3d3       100%        3
 Sigil of Binding         Hex            0%         N/A       100%        3
 Animate Dead             Necr           0%         N/A       100%        4
 Dimensional Bullseye     Hex/Tloc       0%         N/A       100%        4
 Leda's Liquefaction      Hex/Erth       0%         N/A       100%        4
 Petrify                  Tmut/Erth      0%         N/A       100%        4
 Borgnjor's Vile Clutch   Necr/Erth      0%         N/A       100%        5
 Metabolic Englaciation   Hex/Ice        0%         N/A       100%        5
 Death Channel            Necr           0%         N/A       100%        6


Dungeon Overview and Level Annotations

Branches:
Dungeon (8/15)             Temple (0/1) D:6
   Lair: D:8-11

Altars:
Elyvilon
Uskayaw

Shops:
D:4 [


Innate Abilities, Weirdness & Mutations

You have a pair of horns on your head.
You reflexively headbutt those who attack you in melee.


Message History

You can now pass through a line of other dancers.
You slash the water moccasin!
Your headbutt misses the water moccasin.
The water moccasin is almost dead.
You hit the komodo dragon. The water moccasin bites you.
The komodo dragon bites you!! The water moccasin barely misses you.
You closely miss the water moccasin.
The water moccasin is almost dead.
You hit the komodo dragon but do no damage.
The komodo dragon bites you but does no damage.
The water moccasin bites you.
You are poisoned.
The water moccasin poisons you!
You hit the komodo dragon.
The komodo dragon is heavily wounded.
You closely miss the water moccasin.
You feel very sick.
The water moccasin bites you but does no damage.
The komodo dragon bites you!!
* * * LOW HITPOINT WARNING * * *
The water moccasin bites you!
* * * LOW HITPOINT WARNING * * *
Uskayaw will force your foes to helplessly watch your dance.
Uskayaw prepares the audience for your solo!
The helpless komodo dragon fails to defend itself.
You hit the komodo dragon but do no damage.
The komodo dragon is heavily wounded.
The helpless water moccasin fails to defend itself.
You slash the water moccasin!
You kill the water moccasin!
You feel sick.
The helpless komodo dragon fails to defend itself.
You slash the komodo dragon! You headbutt the komodo dragon.
The komodo dragon is almost dead.
You feel sick.
The komodo dragon is no longer paralysed.
The komodo dragon bites you!
* * * LOW HITPOINT WARNING * * *
You feel better. The komodo dragon bites you!!
You die...

#.....# #..####
#.....####... .#
#.......##.###.#
#...<#.......#.###
#.....##...#......###
.................###!..#
####.###.####..........#
#. #.# #......$.... #
..# #...@†.....#
......$...l.....#
......#####..#### .....
..$. ..### ..... #.
..... .... ....


You could see a komodo dragon.

Vanquished Creatures
  Jeremiah (D:7)
  3 water moccasins
  2 sky beasts (D:7)
  3 ogres
  A centaur (D:5)
  A phantom (D:5)
  2 scorpions
  5 wights (D:7)
  3 howler monkeys (D:7)
  A jelly (D:6)
  4 orc priests
  A gnoll bouda (D:6)
  A hound (D:4)
  2 iguanas
  2 orc wizards
  9 adders
  10 gnolls
  3 river rats (D:5)
  A white imp (D:6)
  An ufetubus (D:5)
  3 worms (D:5)
  4 dart slugs
  28 orcs
  5 bats
  4 endoplasms
  2 giant cockroaches
  7 goblins
  4 hobgoblins
  3 jackals (D:5)
  4 kobolds
  4 quokkas
  6 ball pythons
  3 frilled lizards
  7 rats
140 creatures vanquished.

Vanquished Creatures (others)
  A butterfly (D:4)
1 creature vanquished.

Grand Total: 141 creatures vanquished

Notes
Turn   | Place    | Note
-------+----------+-------------------------------------------
     0 | D:1      | Nedwor the Minotaur Gladiator began the quest for the Orb.
     0 | D:1      | Reached XP level 1. HP: 18/18 MP: 0/0
   122 | D:1      | Reached skill level 4 in Axes
   154 | D:1      | Reached XP level 2. HP: 25/25 MP: 1/1
   189 | D:1      | Reached skill level 1 in Armour
   527 | D:2      | Found a faded altar of an unknown god.
  1075 | D:2      | Reached XP level 3. HP: 28/31 MP: 2/2
  1370 | D:3      | Reached XP level 4. HP: 11/38 MP: 3/3
  1640 | D:3      | Reached skill level 5 in Axes
  1783 | D:3      | Found a hide-covered altar of Uskayaw.
  1809 | D:3      | Became a worshipper of Uskayaw the Reveller
  2144 | D:3      | Reached * piety under Uskayaw
  2146 | D:3      | Reached ** piety under Uskayaw
  2147 | D:3      | Reached XP level 5. HP: 37/46 MP: 4/4
  2572 | D:4      | Reached *** piety under Uskayaw
  2597 | D:4      | Reached **** piety under Uskayaw
  2773 | D:4      | Reached skill level 6 in Axes
  2790 | D:4      | Noticed an ogre
  2796 | D:4      | Killed an ogre
  2797 | D:4      | Reached skill level 1 in Invocations
  2797 | D:4      | Reached XP level 6. HP: 20/53 MP: 5/5
  3036 | D:4      | Identified the +8 dagger of the Supporting Weasel {flame,
                  | rF- Str+3 Dex+2}
  3157 | D:4      | Found a white marble altar of Elyvilon.
  3218 | D:4      | Found Omea's Antique Armour Emporium.
  3250 | D:5      | Entered Level 5 of the Dungeon
  3275 | D:5      | Noticed a water moccasin
  3294 | D:5      | Killed a water moccasin
  3482 | D:5      | Reached XP level 7. HP: 20/60 MP: 7/7
  3483 | D:5      | Reached skill level 7 in Axes
  3745 | D:5      | Reached skill level 5 in Fighting
  3908 | D:5      | Reached ***** piety under Uskayaw
  4289 | D:5      | Reached skill level 8 in Axes
  4710 | D:6      | Found a staircase to the Ecumenical Temple.
  4726 | D:6      | Reached XP level 8. HP: 55/69 MP: 9/9
  5181 | D:7      | Reached skill level 5 in Armour
  5685 | D:6      | Upgraded the game from 0.31-a0-851-g7ff8af7976 to
                  | 0.31-a0-859-g9dce7d3444
  6376 | D:7      | Reached skill level 9 in Axes
  6400 | D:7      | Reached ****** piety under Uskayaw
  6922 | D:7      | Noticed Jeremiah
  6932 | D:7      | Killed Jeremiah
  6933 | D:7      | Reached skill level 10 in Axes
  6933 | D:7      | Reached XP level 9. HP: 61/79 MP: 8/11
  7193 | D:8      | Noticed a komodo dragon
  7203 | D:8      | HP: 2/79 [komodo dragon (8)]
  7204 | D:8      | Demolished by a komodo dragon

Illustrated notes

Levels and vault maps discovered:
D:1:      lightli_arrival_boilingwater, layout_rooms, roderic_roman_lattice
D:2:      layout_basic, shapermc_ecumenical_altar_mp_ritualfount
D:3:      layout_basic, nicolae_uskayaw_dance_hall
D:4:      layout_rooms, nicolae_elyvilon_peaceful_grove, serial_shops, shop
D:5:      cheibrodos_helix_gallery, layout_loops_ring,
          lightli_sewer_entry_pipes, serial_park_tiny_pond
D:6:      layout_basic, minmay_temple_entry_mini_moons, dk_noncrumbling_4
D:7:      layout_loops_corners, uniq_jeremiah
D:8:      layout_rooms, makhleb_grotto_becter, minmay_ruined_shrine

Skill      XL: |  1  2  3  4  5  6  7  8 |
---------------+-------------------------+-----
Axes           | 4 5 6 8 10 | 10.2
Armour         | 1 2 3 4 6 |  6.5
Fighting       | 3 4 5 7 |  7.1
Invocations    | 1 2 3 4 |  4.6
Throwing       | |  2.0
Dodging        | |  3.2

Action                     |  1- 3 |  4- 6 |  7- 9 || total
---------------------------+-------+-------+-------++-------
  Melee: War axe           |    51 |    93 |   168 ||   312
         Unarmed           |    10 |       |       ||    10
         Headbutt          |     9 |    10 |    28 ||    47
         Punch             |       |     1 |       ||     1
    Use: Scroll            |     4 |     2 |    10 ||    16
         Potion            |       |       |     1 ||     1
   Stab: Sleeping          |     1 |       |       ||     1
         Paralysed         |       |       |    15 ||    15
 Armour: Leather armour    |    31 |       |       ||    31
         Skin              |     4 |       |       ||     4
         Scale mail        |     8 |    43 |       ||    51
         Chain mail        |       |    56 |   156 ||   212
  Dodge: Dodged            |    57 |    66 |    79 ||   202

Table legend: (Time is in decaauts)
 A = Elapsed time spent in this place.
 B = Non-inter-level travel time spent in this place.
 C = Inter-level travel time spent in this place.
 D = Time resting spent in this place.
 E = Time spent auto-exploring this place.
 F = Levels seen in this place.
 G = Mean time per level.
                   A        B        C        D        E       F      G
               +--------+--------+--------+--------+--------+-----+--------+
         Total |   7295 |   7078 |    217 |   1965 |   4132 |   8 |  911.9 |
       Dungeon |   7295 |   7078 |    217 |   1965 |   4132 |   8 |  911.9 |
               +--------+--------+--------+--------+--------+-----+--------+

Top non-repeatable levels by time:
     D:7: 1585 daAuts
     D:5: 1350 daAuts
     D:3: 1217 daAuts
     D:6: 1054 daAuts
     D:2: 905 daAuts
     D:4: 695 daAuts
     D:1: 465 daAuts
     D:8: 19 daAuts
